[Event "III Chess in a Rock 2022"]
[Site "Valencia"]
[Date "2022.05.15"]
[Round "1.1"]
[White "Alonso Rosell, Alvar"]
[Black "Krasteva, Beloslava"]
[Result "1-0"]
[ECO "E16"]
[WhiteElo "2557"]
[BlackElo "2268"]
[Annotator "TA"]
[PlyCount "59"]
[EventDate "2022.05.15"]
[EventCountry "ESP"]
[SourceTitle "playchess.com"]
[Source "ChessBase"]
[SourceQuality "1"]
[TimeControl "480+4"]

1. d4 Nf6 2. c4 e6 3. Nf3 b6 4. g3 Ba6 5. Nbd2 Bb4 6. Qc2 Bb7 7. Bg2 O-O 8. O-O Bxd2 9. Qxd2 d6 10. b3 Nbd7 {[%emt 0:00:07] 10...Nbd7 has lost popularity.} 11. Bb2 {[%emt 0:00:02][%cal Od4d5] E16: Queen's Indian: 4 g3 Bb7 5 Bg2 Bb4+.} a5 12. Rfe1 {[%emt 0:00:07] [#]} h6 $146 ({Predecessor:} 12... Ne4 13. Qc2 f5 14. Nd2 Ndf6 15. f3 Nxd2 16. Qxd2 Qe8 17. c5 Qd7 18. cxb6 cxb6 19. Rac1 a4 20. bxa4 Rxa4 {0-1 (44) Kapelan,M (2335)-Kurajica,B (2515) Vrsac 1979}) 13. Qc2 {[%emt 0:01:03] White is slightly better.} Be4 14. Qc3 Qe7 15. Bh3 c5 16. Nd2 Bc6 17. e4 (17. Rad1 $5 ) 17... cxd4 18. Qxd4 e5 19. Qe3 Nc5 20. f3 h5 21. Rad1 h4 22. Nf1 (22. gxh4 Nh5 23. Nf1 Rad8 $11) 22... Rfd8 (22... Nh7 $14) 23. Qg5 $16 (23. gxh4 $6 Nh5 $11) 23... hxg3 24. hxg3 ({Much less strong is} 24. Nxg3 Ne6 25. Qh4 (25. Nf5 Nxg5 26. Nxe7+ Kf8 $14) 25... Nd5 26. Qxe7 Nxe7) 24... Ne6 (24... b5 $1 $14) 25. Qh4 Nf8 26. Ne3 {[%emt 0:00:47] Hoping for Nf5.} Ng6 27. Nf5 {[%emt 0:00:06] White is more active.} Qf8 (27... Qa7 $16 28. Qg5 b5+ 29. Qe3 Qxe3+ 30. Rxe3 (30. Nxe3 a4 $16) 30... bxc4) 28. Qg5 $18 Nh7 (28... a4 $142 29. Qe3 axb3) 29. Qe3 Rab8 30. Ba3 {[%emt 0:00:03] Weighted Error Value: White=0.06 (flawless) /Black=0.23 (precise)} 1-0

[Event "III Chess in a Rock 2022"]
[Site "Valencia"]
[Date "2022.05.15"]
[Round "1.2"]
[White "Garcia Molina, Jose"]
[Black "Petrov, Marian"]
[Result "0-1"]
[ECO "A07"]
[WhiteElo "2102"]
[BlackElo "2456"]
[Annotator "TA"]
[PlyCount "56"]
[EventDate "2022.05.15"]
[EventCountry "ESP"]
[SourceTitle "playchess.com"]
[Source "ChessBase"]
[SourceQuality "1"]
[TimeControl "480+4"]

1. Nf3 g6 2. g3 Bg7 3. Bg2 e5 4. d3 d5 5. O-O Ne7 6. Nbd2 (6. e4 $5 ) 6... c5 {[%emt 0:00:05] A07: Réti Opening: New York and Capablanca Systems.} 7. e4 d4 8. Nc4 Nbc6 {[%emt 0:00:01] The position is equal.} 9. a4 O-O 10. c3 h6 11. cxd4 cxd4 (11... exd4 $11 12. Bf4 Be6) 12. b4 $14 {[%emt 0:00:04] [#]} a6 $146 {[%emt 0:00:16] [#]} (12... Nxb4 $14 13. Nfxe5 a5) ({Predecessor:} 12... Bg4 13. Ba3 Be6 14. Nfd2 Qd7 15. b5 Nd8 16. Qb1 Bxc4 17. Nxc4 Ne6 18. Qb4 Nc8 {1-0 (32) Karpov,V (2311)-Mosionzhik,I (2128) Odintsovo 2011}) 13. Ba3 (13. Bd2 $1 $16) 13... b5 $11 14. Na5 Qd6 15. Nb3 Rb8 16. Qd2 ({White should play} 16. a5 $11) 16... f5 ({Better is} 16... a5 $15) 17. Nc5 f4 18. Rac1 (18. Rfc1 $11) 18... g5 $17 19. Qa2+ Kh7 20. Nd2 (20. h3 $15) 20... g4 $19 21. f3 {[%emt 0:00:10] [#]} h5 22. Qc2 (22. Rb1 $142) 22... Bh6 23. Qd1 (23. fxg4 $142 hxg4 24. Rb1) 23... fxg3 {[%emt 0:00:19] Black is clearly winning.} 24. hxg3 (24. fxg4 $142 Bxg4 25. Nf3) 24... Be3+ 25. Kh2 Qh6 {[%emt 0:00:07] ( -> ...h4)} 26. Re1 Bxd2 27. Re2 Bg5 28. Rf2 h4 {Weighted Error Value: White=0.87/Black=0.41} 0-1

[Event "III Chess in a Rock 2022"]
[Site "Valencia"]
[Date "2022.05.15"]
[Round "2.1"]
[White "Krasteva, Beloslava"]
[Black "Petrov, Marian"]
[Result "0-1"]
[ECO "E90"]
[WhiteElo "2268"]
[BlackElo "2456"]
[Annotator "TA"]
[PlyCount "78"]
[EventDate "2022.05.15"]
[EventCountry "ESP"]
[SourceTitle "playchess.com"]
[Source "ChessBase"]
[SourceQuality "1"]
[TimeControl "480+4"]

1. d4 g6 2. c4 Bg7 3. Nc3 c5 4. d5 d6 5. e4 e6 6. Bd3 Nf6 7. h3 O-O 8. Be3 Na6 9. Nf3 Nc7 10. O-O exd5 11. exd5 b5 {[%emt 0:00:01] E90: King's Indian: Classical: Early deviations and 6 h3.} 12. Bg5 {[%emt 0:01:13] [#]} bxc4 $146 ({Predecessor:} 12... h6 13. Bh4 bxc4 14. Bxc4 Rb8 15. Qd2 Ba6 16. Bxa6 Nxa6 17. Rfe1 Qb6 18. Bxf6 Bxf6 19. Qxh6 Qxb2 {1-0 (45) Szustakowski,A (2295)-Rasti,A (2269) Suwalki 2020}) 13. Bxc4 h6 {[%emt 0:00:02] The position is equal.} 14. Bf4 Re8 15. Qd2 g5 16. Bg3 Bf5 17. Bd3 Ne4 18. Nxe4 Bxe4 19. Bxe4 Rxe4 20. Rae1 f5 (20... Rb4 $11) 21. Rxe4 $1 $14 fxe4 22. Nh2 {[%emt 0:00:43] [#]} (22. Ne1 $11) 22... Rb8 (22... h5 $1 $17 23. f4 Qf6 24. fxg5 Qd4+ 25. Qf2 Rf8 26. Qxd4 Bxd4+ 27. Kh1 Rxf1+ 28. Nxf1 e3) 23. b3 (23. Rb1 $11) 23... Rb4 (23... h5 $1 $15) 24. Re1 Rd4 25. Qa5 Qe7 26. Qxa7 Nxd5 27. Qb8+ Bf8 28. Ng4 Kh7 29. Ne3 Nxe3 30. Rxe3 ({White should try} 30. fxe3 $14 Rd2 31. a4) 30... h5 (30... Bg7 $5 ) 31. f3 $1 h4 32. Be1 d5 $36 {[%emt 0:00:14][%mdl 2048] Threatens to win with ...Rd1. Black has the initiative.} 33. a4 $2 (33. Qc8 $11 {and White is okay.}) 33... Bg7 (33... Rd1 $19 {and Black stays clearly on top.} 34. Kf1 Bg7) 34. Qb5 $2 {[%emt 0:00:37][%mdl 8192] This move loses the game for White.} (34. Qc8 $17) 34... Rd1 $19 {[%emt 0:00:11][%cal Bd4d1,Bd1b1,Bb1a1][%mdl 32] [#] And now ...Bd4 would win. Black is clearly winning.} 35. Qe2 Rb1 36. Qc2 Ra1 {[%emt 0:00:17] Strongly threatening ...Bd4.} 37. Kf1 Bd4 38. Re2 Qf6 {[%emt 0:00:15] aiming for ...Kh6.} 39. a5 Kh6 {[%emt 0:00:07] Weighted Error Value: White=0.94/Black=0.24 (precise)} 0-1

[Event "III Chess in a Rock 2022"]
[Site "Valencia"]
[Date "2022.05.15"]
[Round "2.2"]
[White "Alonso Rosell, Alvar"]
[Black "Garcia Molina, Jose"]
[Result "1-0"]
[ECO "E62"]
[WhiteElo "2557"]
[BlackElo "2102"]
[Annotator "TA"]
[PlyCount "47"]
[EventDate "2022.05.15"]
[EventCountry "ESP"]
[SourceTitle "playchess.com"]
[Source "ChessBase"]
[SourceQuality "1"]
[TimeControl "480+4"]

1. d4 Nf6 2. c4 g6 3. Nc3 Bg7 4. g3 O-O 5. Bg2 d6 6. Nf3 Nc6 7. O-O e5 8. d5 Na5 {[%emt 0:00:12] 8...Nb8 is setting a new trend. E62: King's Indian: Fianchetto: 6...c6 and Panno Variation (6...Nc6) without ...a6.} 9. Nd2 {[%emt 0:01:23] And now b4 would win.} b6 10. b4 Nb7 {[%emt 0:00:02] White is slightly better.} 11. Bb2 Ne8 {[%emt 0:00:11] [#]} 12. e4 $146 ({Predecessor:} 12. Rc1 a5 13. a3 Rb8 14. Nb5 Bd7 15. Na7 axb4 16. axb4 Qe7 17. Nc6 Bxc6 18. dxc6 {½-½ (52) Volodin,V (2367)-Rezak,M (2055) Tatranske Zruby 2000}) 12... f5 13. exf5 $1 gxf5 14. Ne2 Nf6 15. f4 Ng4 16. Qb3 a5 {[%emt 0:00:39] Hoping for ...axb4.} 17. h3 Nh6 {[%emt 0:00:16] [#]} 18. a3 {[%emt 0:00:11] White is more active.} Qe7 19. Rae1 Bd7 {[%emt 0:00:40] This move loses the game for Black.} (19... Qd7 $16 {was necessary.}) 20. fxe5 $18 dxe5 {[%emt 0:00:08] [#]} 21. c5 $1 a4 $2 (21... Nxc5 {was called for.} 22. bxc5 Qxc5+ 23. Rf2 a4) 22. d6+ {[%emt 0:00:05] White is clearly winning.} axb3 23. dxe7 Rfb8 24. c6 {[%emt 0:00:02] Weighted Error Value: White=0.02 (flawless) /Black=0.41} 1-0

[Event "III Chess in a Rock 2022"]
[Site "Valencia"]
[Date "2022.05.15"]
[Round "3.1"]
[White "Garcia Molina, Jose"]
[Black "Krasteva, Beloslava"]
[Result "1/2-1/2"]
[ECO "E39"]
[WhiteElo "2102"]
[BlackElo "2268"]
[Annotator "TA"]
[PlyCount "158"]
[EventDate "2022.05.15"]
[EventCountry "ESP"]
[SourceTitle "playchess.com"]
[Source "ChessBase"]
[SourceQuality "1"]
[TimeControl "480+4"]

1. d4 Nf6 2. c4 e6 3. Nc3 Bb4 4. Qc2 c5 5. dxc5 O-O 6. Nf3 Na6 7. a3 Bxc3+ 8. Qxc3 Nxc5 9. e3 d5 {[%emt 0:00:36] E39: Nimzo-Indian: Classical: 4...c5 5 dxc5 0-0.} 10. b3 (10. b4 $11 Nce4 11. Qd4) 10... b6 11. Bb2 {[%emt 0:00:00] [#]} Ba6 $146 {[%emt 0:00:14] Black is slightly better.} (11... Nce4 $5 12. Qd4 Bb7 $11) ({Predecessor:} 11... Bb7 12. Be2 Nce4 13. Qd4 Qe7 14. O-O Rfd8 15. Qe5 dxc4 16. bxc4 Rac8 17. Rfd1 h6 18. Qg3 Nxg3 {0-1 (18) Trcka,V-Portych,V Czech Republic 1999}) 12. Rd1 Nce4 {[%emt 0:00:20] Pair of Knights!} 13. Qc1 (13. Qb4 $11) 13... Rc8 $17 14. Be2 (14. Qb1 $142) 14... Qe7 15. O-O dxc4 (15... b5 $17 16. c5 Nxc5) 16. bxc4 $15 b5 17. Qa1 bxc4 18. Ne5 (18. Nd2 $15) 18... Qc7 $17 19. Bd4 Qa5 ({Black should play} 19... Nd5 $17 {And now ...f6 would win.} 20. Bf3 Ng5 21. Bxd5 exd5) 20. f3 $11 Nd6 {[%emt 0:00:45] Threatens to win with ...Nd5.} 21. Bc3 Qb6 22. Bd4 Qc7 23. Rc1 (23. e4 $11) 23... Nd5 $1 $17 24. Rc2 $2 (24. Rfd1 $17) 24... f6 $19 25. Nxc4 Bxc4 26. Rfc1 Nb6 (26... e5 $1 $19 {[%cal Re5d4] has better winning chances.} 27. Bxc4 Nxc4 28. Rxc4 Qxc4 29. Rxc4 Rxc4) 27. Bxb6 $17 {[%emt 0:00:07][%mdl 64] Remove Defender} Qxb6 ({Not} 27... axb6 28. Bxc4 Nxc4 29. Rxc4 Qxc4 30. Rxc4 Rxc4 31. Qb1 $15) 28. Bxc4 Qxe3+ 29. Kh1 Nxc4 30. Rxc4 Rxc4 31. Rxc4 {[%emt 0:00:00][%mdl 4096] Endgame KQR-KQR} Rd8 32. Re4 {[%emt 0:00:47] [#]} (32. h4 $17 {was called for.}) 32... Qb3 (32... Qxa3 $1 $19 33. Re1 (33. Qf1 Qb3) 33... Qxa1 34. Rxa1 a5) 33. Re1 e5 34. Qc1 a5 35. h3 a4 ({Better is} 35... h5 $17 36. Qc7 Rd1 37. Rxd1 Qxd1+ 38. Kh2 Qa4) 36. Qc7 Qd5 (36... Rd4 $15 37. Rc1 Qe3 38. Qb8+ Kf7) 37. Rc1 h6 38. Qa7 $2 (38. Rc4 $1 $11) 38... Qd4 (38... e4 $19 {is more deadly.} 39. f4 Qf5 40. Qxa4 Qxf4 41. Qc4+ Kh7) 39. Qe7 Rd7 (39... Qd6 $17 40. Qa7 Qd4) 40. Qe6+ $11 Kh7 41. Rc8 {[%emt 0:00:09] Intending Qf5+ and mate.} Qd3 {[%emt 0:00:03] Prevents Qf5+.} 42. Qg8+ Kg6 43. Qe8+ (43. Rc4 $1 $11) 43... Kh7 44. Qg8+ Kg6 45. Qe8+ Kg5 {[%emt 0:00:02] Hoping for ...Qb1+.} 46. Qe6 (46. Rc3 $17 Qd1+ 47. Kh2) 46... h5 $19 47. Rc4 $2 (47. h4+ $17 Kf4 48. Kh2) 47... Qf5 $2 (47... Qf1+ $19 48. Kh2 Rd2 49. Rg4+ hxg4 50. Qxg4+ Kh6 51. Qh4+ Kg6 52. Qg4+ Kf7 53. Qh5+ Ke7) 48. h4+ $11 Kg6 49. Qe8+ Kh6 50. Qh8+ Qh7 51. Qe8 Rd1+ 52. Kh2 Qf5 {[%emt 0:00:15] Strongly threatening ...Rd4.} 53. Qh8+ Kg6 $2 (53... Qh7 $11 54. Qc8 Rf1) 54. Qe8+ $2 ({White must play} 54. g4 $1 $18 hxg4 55. Rxg4+ Qxg4 56. fxg4) 54... Kh7 55. Qxa4 Rd2 56. Qc6 {[%emt 0:00:10][%mdl 8192] [#]} (56. Qb4 $11 {and White is okay.} Rf2 57. Kg1) 56... Qd3 $2 (56... Re2 $1 $19 57. Qc8 Qxf3) 57. a4 $2 {[%emt 0:00:04][%mdl 8192] [#]} (57. Qe4+ $11 Qxe4 58. Rxe4) 57... Qe2 $2 ({And not} 57... Qf1 58. Qe4+ Kh6 59. Qe3+ Kh7 60. Qe4+ (60. Qxd2 Qxc4 61. a5 Qxh4+ 62. Kg1 Qc4 $11) 60... Kh6 61. Qe3+ Kh7 62. Qe4+ $11 (62. Qxd2 Qxc4 63. a5 Qxh4+ 64. Kg1 Qc4 $11)) (57... f5 $1 $19 {( -> ...Qf1)} 58. f4 Qf1 59. fxe5 Qf2) 58. Qe4+ Qxe4 59. Rxe4 {[%emt 0:00:00] KR-KR} Ra2 60. Rb4 Kg6 61. Kg3 Kf5 62. Rb7 g5 63. hxg5 fxg5 64. Rf7+ Ke6 65. Ra7 h4+ 66. Kh3 Kf5 67. Rf7+ Ke6 68. Ra7 Kd5 (68... Kf5 $11 {remains equal.}) 69. Rg7 $16 g4+ $2 (69... Ke6 $16 {is more resistant.}) 70. Rxg4 $18 Kd6 (70... Ke6 {might work better.} 71. Rxh4 Kf7 72. Rh7+ Ke6) 71. Kxh4 Kd5 72. Re4 $2 (72. Kh3 $18) 72... Rxg2 $11 {[%emt 0:00:03] The position is equal.} 73. Kh3 Ra2 74. Kg3 Ra3 75. Kg4 Kd6 76. Rb4 Kc5 77. Re4 Kd5 78. Rb4 Kc5 79. Re4 Kd5 {[%emt 0:00:18] A wild game.  Weighted Error Value: White=0.77/Black=0.61} 1/2-1/2

[Event "III Chess in a Rock 2022"]
[Site "Valencia"]
[Date "2022.05.15"]
[Round "3.2"]
[White "Petrov, Marian"]
[Black "Alonso Rosell, Alvar"]
[Result "0-1"]
[ECO "B12"]
[WhiteElo "2456"]
[BlackElo "2557"]
[Annotator "TA"]
[PlyCount "71"]
[EventDate "2022.05.15"]
[EventCountry "ESP"]
[SourceTitle "playchess.com"]
[Source "ChessBase"]
[SourceQuality "1"]
[TimeControl "480+4"]

1. e4 c6 2. d4 d5 3. e5 c5 4. dxc5 e6 5. a3 Bxc5 6. Qg4 {[%emt 0:00:02] B12: Caro-Kann: Advance Variation.} Ne7 7. Bd3 Nbc6 $5 {[%emt 0:00:04][%mdl 4] An interesting side line.} 8. Nf3 {The position is equal.} Ng6 9. O-O Qc7 10. Re1 $1 {[%emt 0:00:19] [#]} Bd7 $146 ({Predecessor:} 10... O-O 11. Qh5 Bd7 12. b4 Bb6 13. Bb2 a5 14. b5 Nce7 15. a4 f6 16. exf6 gxf6 {0-1 (26) Visser,H (2243)-Gunina,V (2437) Skalica 2021}) 11. Nc3 (11. b4 $14 Bb6 12. Bb2) 11... a6 $11 12. h4 (12. Bxg6 $11 hxg6 13. Be3) 12... O-O-O $36 {[%emt 0:00:13][%cal Rg6e5][%mdl 2048] White is under pressure.} 13. Qg3 Nd4 14. Ng5 Rdf8 15. Bd2 Ne7 {[%emt 0:00:42][%cal Bg6e7,Be7f5,Bf5d4][%mdl 32] And now ...f6 would win.} 16. b4 Ba7 {[%emt 0:00:17] White must now prevent ...f6.} 17. Ne2 Nef5 (17... Nxc2 $2 18. Bxc2 Bb5 19. Nxh7 $18) 18. Qg4 {[%emt 0:00:30] White does not recover from this.} (18. Qh3 $17 {is a better defense.}) 18... f6 $1 $19 ({Weaker is} 18... Qxe5 19. Ng3 h5 20. Qh3 $15) ({Much less strong is} 18... Nxc2 19. Bxc2 h6 20. Nh3 $1 $18) 19. Nxd4 Nxd4 20. Nxh7 (20. Nf3 $142 Nxf3+ 21. gxf3) 20... f5 $1 21. Qxg7 (21. Qg6 Rfg8 22. c3) 21... Rfg8 22. Qxg8+ Rxg8 23. Bg5 Bb5 24. Nf6 Rg6 25. Rac1 Bb6 {[%emt 0:00:28][%cal Og6g5] Hoping for ...Rxg5!} 26. Kh2 Nc6 27. f4 (27. Nxd5 $142 exd5 28. Bxf5+ Kb8 29. Bxg6 Bxf2 30. Bf4) 27... Bf2 28. Re2 {[%emt 0:00:07] [#]} Bd4 (28... Nxe5 $142 $1 29. fxe5 {[#]} Bxh4 $1 30. Bxh4 Bxd3) 29. g3 {[%emt 0:00:08] [#]} (29. c4 Bxc4 30. Bxc4 dxc4 31. Rxc4) 29... Nxe5 $1 30. fxe5 {[%emt 0:00:01] [#]} Rxg5 31. Bxb5 Rg6 ({Worse is} 31... Rg7 32. Ne8 Qe7 33. Nxg7 Qxg7 34. Bd3 $17) 32. Bd7+ Kd8 33. Bxe6 $2 (33. Nxd5 exd5 34. Bxf5) 33... Bxe5 34. Nxd5 Bxg3+ 35. Kh1 Qc4 36. Nf4 {[%emt 0:00:22] Weighted Error Value: White=1.01/Black=0.31} 0-1